 Dungeon Crawl Stone Soup version 0.22.1-1-ga44c0e5 (webtiles) character file.

249 dvd the Ducker (level 5, -2/53 HPs)
             Began as a Troll Fighter on Sept 26, 2018.
             Slain by Natasha (9 damage)
             ... on level 2 of the Dungeon.
             The game lasted 00:03:54 (1907 turns).

dvd the Ducker (Troll Fighter)                      Turns: 1907, Time: 00:03:55

Health: -2/53      AC:  5    Str: 24    XL:     5   Next: 86%
Magic:  4/4        EV:  9    Int:  4    God:
Gold:   129        SH:  9    Dex: 10    Spells: 4/4 levels left

rFire    . . .     SeeInvis .   g - +1 whip (venom)
rCold    . . .     Gourm    +   c - +0 shield
rNeg     . . .     Faith    .   b - +0 robe
rPois    .         Spirit   .   (helmet restricted)
rElec    .         Reflect  .   (no cloak)
rCorr    .         Harm     .   (gloves unavailable)
MR       .....                  (boots unavailable)
Stlth    +.........             (no amulet)
HPRegen  0.57/turn              (no ring)
MPRegen  0.09/turn              (no ring)

@: no status effects
A: large, unfitting armour, claws 3, fast metabolism 3, gourmand, regeneration
1, shaggy fur 1, tough skin 2
a: no special abilities


You were on level 2 of the Dungeon.
You were very full.

You visited 1 branch of the dungeon, and saw 2 of its levels.

You collected 129 gold pieces.

Inventory:

Hand Weapons
 a - a +0 war axe
 g - a +1 whip of venom (weapon)
 k - a +0 short sword of draining
 p - a +0 long sword
Armour
 b - a +0 robe (worn)
 c - a +0 shield (worn)
Scrolls
 d - 2 scrolls of fog {unknown}
 e - a scroll of identify {unknown}
 l - a scroll of blinking {unknown}
 n - a scroll of teleportation {unknown}
Potions
 h - a potion of invisibility {unknown}
 i - 4 potions of heal wounds {unknown}
 j - a potion of agility {unknown}
 o - a potion of degeneration {unknown}
 q - a potion of lignification {unknown}
Comestibles
 f - 9 rations


   Skills:
 + Level 3.2 Fighting
 + Level 1.7(2.3) Axes
 + Level 2.7(3.0) Maces & Flails
 + Level 3.3 Dodging
 + Level 0.3 Stealth
 + Level 3.3 Shields


You had 4 spell levels left.
You didn't know any spells.
Your spell library was empty.

Dungeon Overview and Level Annotations

Branches:
Dungeon (2/15)

Altars:
Fedhas
Qazlal
Wu Jian
The Shining One

Annotations:
D:2 Natasha


Innate Abilities, Weirdness & Mutations

You are too large for most types of armour.
You have claws for hands.
Your metabolism is lightning-fast.
You like to eat raw meat.
Your natural rate of healing is unusually fast.
You are covered in fur. (AC +1)
You have very tough skin. (AC +2)


Message History

The white imp misses you.
Your shield prevents you from hitting Natasha.
Natasha is moderately wounded.
Natasha mumbles some strange words.
The white imp gestures at you. The puff of frost hits you!
You hit Natasha but do no damage.
Natasha is poisoned.
Natasha is moderately wounded.
Natasha claws you.
* * * LOW HITPOINT WARNING * * *
You block the white imp's attack.
Unknown command.
You barely miss Natasha.
Natasha is moderately wounded.
The white imp misses you. Natasha claws you!
* * * LOW HITPOINT WARNING * * *
You block the white imp's attack.
The white imp hits you but does no damage.
Unknown command.
Natasha claws you!
You die...

####..##### #.###.###.# #.##
......# #......##.# ###.##
#####'## #####..##.#####...##
##...## #####.....#.........
##.....## #........##..##.#.#.
##.......## #..###.#.##..##...#.
#.........####...##.#.##..##...#.
+.........'......................
#.........####..@h5.#.##...#...#.
#P..P....## #..#.###.##.......#.
.P.P....## #.##5###.###..#####.
PP♣.♣b..# #.>......# #........
P♣♣..♣..# ####.##### #÷..##### ♣
♣♣PP.P# #.# ###...##... ♣♣ ♣♣♣P.#
#.# #........## .♣ ♣♣PPP# #.#
#.......<# .♣♣♣PP..# #.#
#........##


You could see Natasha and 2 white imps.

Vanquished Creatures
  Sigmund (D:2)
  Natasha (D:2)
  An ooze (D:2)
  2 worms (D:2)
  A leopard gecko (D:1)
  A giant cockroach (D:1)
  8 goblins
  7 hobgoblins
  2 jackals (D:1)
  8 kobolds
  A quokka (D:2)
  2 ball pythons (D:1)
  8 bats
  6 frilled lizards
  8 rats
57 creatures vanquished.

Notes
Turn   | Place    | Note
-------+----------+-------------------------------------------
     0 | D:1      | dvd the Troll Fighter began the quest for the Orb.
     0 | D:1      | Reached XP level 1. HP: 22/22 MP: 0/0
   214 | D:1      | Reached XP level 2. HP: 29/29 MP: 1/1
   678 | D:1      | Reached XP level 3. HP: 35/36 MP: 2/2
  1132 | D:2      | Noticed Sigmund
  1144 | D:2      | Killed Sigmund
  1144 | D:2      | Reached XP level 4. HP: 22/45 MP: 3/3
  1144 | D:2      | Reached XP level 5. HP: 26/53 MP: 4/4
  1424 | D:2      | Found a blossoming altar of Fedhas.
  1561 | D:2      | Noticed Natasha
  1568 | D:2      | Killed Natasha
  1681 | D:2      | Found a glowing golden altar of the Shining One.
  1685 | D:2      | Found a stormy altar of Qazlal.
  1686 | D:2      | Found an ornate altar of the Wu Jian Council.
  1893 | D:2      | Noticed Natasha
  1907 | D:2      | Slain by Natasha

Skill      XL: |  1  2  3 |
---------------+----------+-----
Fighting       | 3 |  3.2
Maces & Flails | 2 |  2.7
Dodging        | 3 |  3.3
Shields        | 3 |  3.3
Axes           | |  1.7
Stealth        | |  0.3

Action                   |  1- 3 |  4- 6 || total
-------------------------+-------+-------++-------
Melee: War axe           |    23 |       ||    23
       Whip              |   149 |    54 ||   203
  Use: Potion            |     1 |       ||     1
  Eat: Chunk             |    16 |     7 ||    23
Armor: Robe              |    52 |    14 ||    66
Dodge: Dodged            |    41 |    15 ||    56
Block: Shield            |    62 |    20 ||    82
